[ AOE2 MATCH · #506156150 ]
UnrankedChinese vs Vikings
Player's team · LOSS
Rival team · WIN
[ REPLAY ANALYSIS · EXTRACTED FROM THE RECORDED GAME ]
Feudal
10:55
Castle
18:30
Imperial
—
| APM avg | 63.2 |
| APM peak | 92 |
| eAPM avg | 29.1 |
| Villagers / military | 131 / 83 |
Focus
⚔️ 42.6% · 🌾 57.4%
Skirmisher ×24 · Archer ×15 · Knight ×12 · Iron Pagoda ×10 · Monk ×8 · Cavalry Archer ×5
Feudal
9:16
Castle
19:26
Imperial
37:20
| APM avg | 84.7 |
| APM peak | 124 |
| eAPM avg | 38.5 |
| Villagers / military | 98 / 84 |
Focus
⚔️ 55.3% · 🌾 44.7%
Archer ×51 · Knight ×16 · Monk ×7 · Berserk ×4 · Mangonel ×3 · Battering Ram ×2
Match map
Initial resources + every placement click. Lines = walls · curves = elevation contours. ◆ gold · ⬟ stone · ● berries · ✦ relic · ◌ wall gap
Your base· ✓ Closed at 18:30 · 72t walls · 2 gate(s)
danger_noodle42's base· Open — opponent sealed themselves in
Smoothed initial terrain · ◌ = detected wall gap · hover for details
Inputs per minute
— Hannibal - - danger_noodle42
Build order — Hannibal
First 150 of 358 actions detected
| 0:00 | Research | Loom |
| 0:42 | Queue | Villager (Male) |
| 1:06 | Queue | Villager (Male) |
| 1:32 | Queue | Villager (Male) |
| 1:56 | Queue | Villager (Male) |
| 2:22 | Queue | Villager (Male) |
| 2:24 | Build | Lumber Camp |
| 2:37 | Queue | Villager (Male) |
| 2:54 | Queue | Villager (Male) |
| 3:19 | Build | House |
| 3:26 | Queue | Villager (Male) |
| 3:26 | Queue | Villager (Male) |
| 3:33 | Build | House |
| 3:56 | Build | House |
| 3:56 | Queue | Villager (Male) |
| 3:58 | Queue | Villager (Male) |
| 4:35 | Build | Palisade Wall |
| 4:44 | Queue | Villager (Male) |
| 4:44 | Queue | Villager (Male) |
| 4:45 | Build | Barracks |
| 5:19 | Queue | Villager (Male) |
| 5:19 | Queue | Villager (Male) |
| 5:37 | Queue | Militia |
| 5:39 | Build | House |
| 5:40 | Build | Palisade Wall |
| 5:41 | Build | Palisade Wall |
| 5:58 | Queue | Villager (Male) |
| 5:59 | Queue | Militia |
| 6:08 | Build | Mill |
| 6:19 | Queue | Militia |
| 6:31 | Queue | Villager (Male) |
| 7:04 | Build | Mill |
| 7:16 | Queue | Villager (Male) |
| 7:41 | Queue | Villager (Male) |
| 7:56 | Build | House |
| 7:59 | Build | Palisade Gate |
| 8:20 | Queue | Villager (Male) |
| 8:23 | Build | Farm |
| 8:36 | Build | Palisade Wall |
| 8:45 | Research | Feudal Age |
| 9:07 | Build | Lumber Camp |
| 9:49 | Build | House |
| 9:50 | Build | Palisade Wall |
| 10:07 | Build | Mining Camp |
| 10:51 | Build | Palisade Wall |
| 10:55 | Age | Feudal Age |
| 11:01 | Queue | Villager (Male) |
| 11:03 | Queue | Spearman |
| 11:06 | Build | Palisade Wall |
| 11:07 | Build | Palisade Wall |
| 11:08 | Research | Double-Bit Axe |
| 11:09 | Research | Horse Collar |
| 11:14 | Build | Farm |
| 11:14 | Queue | Villager (Male) |
| 11:14 | Queue | Villager (Male) |
| 11:17 | Queue | Villager (Male) |
| 11:17 | Queue | Villager (Male) |
| 11:18 | Queue | Villager (Male) |
| 11:21 | Queue | Villager (Male) |
| 11:23 | Build | Farm |
| 11:40 | Build | Farm |
| 11:44 | Build | Palisade Wall |
| 11:57 | Build | Farm |
| 11:59 | Build | Farm |
| 12:02 | Build | Farm |
| 12:13 | Queue | Villager (Male) |
| 12:24 | Build | Farm |
| 12:39 | Build | Farm |
| 12:48 | Queue | Villager (Male) |
| 13:20 | Research | Wheelbarrow |
| 13:24 | Build | Blacksmith |
| 13:49 | Build | Farm |
| 13:54 | Build | House |
| 13:56 | Build | Palisade Wall |
| 14:40 | Queue | Villager (Male) |
| 14:49 | Build | Stable |
| 15:01 | Build | Farm |
| 15:12 | Build | Palisade Wall |
| 15:14 | Build | Palisade Wall |
| 15:17 | Build | Palisade Wall |
| 15:28 | Build | Farm |
| 15:38 | Build | Palisade Wall |
| 15:44 | Queue | Villager (Male) |
| 15:50 | Research | Castle Age |
| 15:50 | Research | Castle Age |
| 16:05 | Queue | Scout Cavalry |
| 16:12 | Build | Farm |
| 16:19 | Build | Farm |
| 16:35 | Queue | Scout Cavalry |
| 16:59 | Queue | Scout Cavalry |
| 16:59 | Queue | Scout Cavalry |
| 17:19 | Build | Stable |
| 17:32 | Research | Gold Mining |
| 17:58 | Research | Scale Barding Armor |
| 17:58 | Research | Scale Barding Armor |
| 18:04 | Build | Palisade Gate |
| 18:30 | Age | Castle Age |
| 18:31 | Queue | Villager (Male) |
| 18:32 | Queue | Knight |
| 18:34 | Build | Siege Workshop |
| 18:35 | Queue | Villager (Male) |
| 18:44 | Queue | Villager (Male) |
| 18:51 | Queue | Knight |
| 18:52 | Queue | Villager (Male) |
| 18:52 | Queue | Villager (Male) |
| 19:07 | Queue | Knight |
| 19:29 | Queue | Iron Pagoda |
| 19:30 | Build | House |
| 20:01 | Queue | Knight |
| 20:02 | Queue | Villager (Male) |
| 20:14 | Queue | Iron Pagoda |
| 20:14 | Queue | Iron Pagoda |
| 20:28 | Queue | Villager (Male) |
| 20:32 | Build | Outpost |
| 20:34 | Research | Town Watch |
| 20:36 | Queue | Villager (Male) |
| 20:41 | Build | Outpost |
| 20:54 | Queue | Villager (Male) |
| 21:00 | Build | Outpost |
| 21:03 | Queue | Villager (Male) |
| 21:08 | Queue | Battering Ram |
| 21:15 | Queue | Villager (Male) |
| 21:15 | Queue | Villager (Male) |
| 21:20 | Research | Bow Saw |
| 21:21 | Queue | Villager (Male) |
| 21:28 | Queue | Knight |
| 21:28 | Queue | Knight |
| 21:40 | Queue | Villager (Male) |
| 21:41 | Build | House |
| 22:26 | Build | Town Center |
| 22:45 | Queue | Knight |
| 22:51 | Build | Outpost |
| 22:58 | Queue | Iron Pagoda |
| 23:00 | Queue | Villager (Male) |
| 23:08 | Queue | Villager (Male) |
| 23:17 | Queue | Villager (Male) |
| 23:45 | Queue | Iron Pagoda |
| 23:49 | Queue | Villager (Male) |
| 23:49 | Queue | Villager (Male) |
| 23:56 | Queue | Villager (Male) |
| 23:58 | Queue | Villager (Male) |
| 24:06 | Queue | Iron Pagoda |
| 24:30 | Build | Monastery |
| 24:31 | Queue | Villager (Male) |
| 24:43 | Queue | Villager (Male) |
| 24:47 | Queue | Iron Pagoda |
| 24:47 | Queue | Iron Pagoda |
| 24:52 | Queue | Villager (Male) |
| 24:59 | Queue | Villager (Male) |
| 25:04 | Queue | Villager (Male) |
Build order — danger_noodle42
First 150 of 335 actions detected
| 0:01 | Queue | Villager (Male) |
| 0:02 | Build | House |
| 0:03 | Build | House |
| 0:09 | Queue | Villager (Male) |
| 0:10 | Queue | Villager (Male) |
| 0:10 | Queue | Villager (Male) |
| 1:27 | Queue | Villager (Male) |
| 1:48 | Build | Lumber Camp |
| 2:00 | Queue | Villager (Male) |
| 2:24 | Queue | Villager (Male) |
| 2:52 | Queue | Villager (Male) |
| 3:16 | Queue | Villager (Male) |
| 3:25 | Build | House |
| 3:42 | Queue | Villager (Male) |
| 3:42 | Queue | Villager (Male) |
| 4:05 | Queue | Villager (Male) |
| 4:15 | Build | Mill |
| 4:24 | Queue | Villager (Male) |
| 5:13 | Queue | Villager (Male) |
| 5:25 | Queue | Villager (Male) |
| 5:52 | Queue | Villager (Male) |
| 6:04 | Build | House |
| 6:14 | Queue | Villager (Male) |
| 6:22 | Research | Loom |
| 6:35 | Build | House |
| 6:53 | Research | Feudal Age |
| 7:04 | Build | Palisade Wall |
| 7:20 | Build | Palisade Wall |
| 7:29 | Build | Palisade Wall |
| 7:29 | Build | Palisade Wall |
| 7:30 | Queue | Villager (Male) |
| 7:55 | Build | Barracks |
| 7:58 | Build | Palisade Wall |
| 8:08 | Build | Palisade Wall |
| 8:21 | Build | Palisade Wall |
| 8:29 | Build | Palisade Wall |
| 8:37 | Build | Palisade Wall |
| 8:44 | Build | Palisade Wall |
| 8:48 | Build | Palisade Wall |
| 8:50 | Build | Palisade Wall |
| 8:50 | Build | Palisade Wall |
| 8:54 | Build | Palisade Wall |
| 9:05 | Queue | Villager (Male) |
| 9:16 | Age | Feudal Age |
| 9:19 | Research | Double-Bit Axe |
| 9:20 | Research | Horse Collar |
| 9:28 | Build | Farm |
| 9:30 | Build | Farm |
| 9:37 | Build | House |
| 9:40 | Queue | Villager (Male) |
| 10:04 | Build | Mining Camp |
| 10:32 | Queue | Villager (Male) |
| 10:33 | Build | Farm |
| 11:00 | Queue | Villager (Male) |
| 11:05 | Build | Archery Range |
| 11:15 | Build | House |
| 11:24 | Build | Farm |
| 11:33 | Build | Palisade Wall |
| 11:39 | Queue | Villager (Male) |
| 11:48 | Build | Palisade Wall |
| 11:53 | Build | Farm |
| 11:53 | Queue | Archer |
| 11:56 | Queue | Villager (Male) |
| 11:57 | Queue | Villager (Male) |
| 12:06 | Queue | Spearman |
| 12:15 | Build | Farm |
| 12:27 | Queue | Villager (Male) |
| 12:31 | Queue | Archer |
| 12:33 | Build | Farm |
| 12:35 | Build | Farm |
| 12:47 | Queue | Archer |
| 12:53 | Build | Farm |
| 12:54 | Queue | Villager (Male) |
| 13:06 | Build | Farm |
| 13:10 | Build | House |
| 13:24 | Queue | Villager (Male) |
| 13:45 | Queue | Villager (Male) |
| 13:55 | Build | Blacksmith |
| 13:57 | Queue | Villager (Male) |
| 14:19 | Build | Palisade Wall |
| 14:22 | Build | Palisade Wall |
| 14:23 | Queue | Villager (Male) |
| 14:24 | Queue | Archer |
| 14:29 | Queue | Villager (Male) |
| 14:29 | Queue | Villager (Male) |
| 14:29 | Queue | Villager (Male) |
| 14:32 | Build | Palisade Wall |
| 14:40 | Queue | Villager (Male) |
| 14:45 | Queue | Archer |
| 14:51 | Queue | Villager (Male) |
| 15:09 | Research | Fletching |
| 15:11 | Build | Farm |
| 15:12 | Build | House |
| 15:15 | Queue | Villager (Male) |
| 15:17 | Build | Farm |
| 16:12 | Build | Farm |
| 16:46 | Research | Castle Age |
| 17:11 | Queue | Archer |
| 17:24 | Build | Palisade Wall |
| 17:28 | Build | Lumber Camp |
| 17:35 | Queue | Archer |
| 17:38 | Research | Gold Mining |
| 17:44 | Build | Lumber Camp |
| 17:48 | Queue | Archer |
| 17:52 | Build | Archery Range |
| 18:11 | Queue | Archer |
| 18:16 | Build | House |
| 18:27 | Queue | Archer |
| 18:43 | Build | House |
| 18:45 | Build | Palisade Wall |
| 18:48 | Queue | Archer |
| 18:52 | Queue | Archer |
| 19:16 | Queue | Villager (Male) |
| 19:26 | Age | Castle Age |
| 19:28 | Build | Palisade Gate |
| 19:33 | Research | Bodkin Arrow |
| 19:33 | Research | Crossbowman (upgrade) |
| 19:36 | Queue | Villager (Male) |
| 19:41 | Research | Bow Saw |
| 19:50 | Queue | Villager (Male) |
| 19:56 | Queue | Villager (Male) |
| 20:01 | Build | Monastery |
| 20:07 | Queue | Archer |
| 20:10 | Queue | Villager (Male) |
| 20:16 | Queue | Villager (Male) |
| 20:17 | Build | University |
| 20:29 | Build | Siege Workshop |
| 20:37 | Queue | Villager (Male) |
| 20:42 | Queue | Archer |
| 20:54 | Queue | Monk |
| 20:59 | Queue | Villager (Male) |
| 21:03 | Queue | Mangonel |
| 21:05 | Queue | Villager (Male) |
| 21:25 | Queue | Archer |
| 22:00 | Queue | Mangonel |
| 22:02 | Build | House |
| 22:03 | Build | Farm |
| 22:04 | Build | Farm |
| 22:13 | Queue | Villager (Male) |
| 22:15 | Queue | Villager (Male) |
| 22:25 | Build | House |
| 22:26 | Build | House |
| 22:31 | Queue | Archer |
| 22:39 | Build | Stable |
| 22:46 | Build | Watch Tower |
| 23:06 | Queue | Villager (Male) |
| 23:10 | Queue | Archer |
| 23:12 | Queue | Monk |
| 23:13 | Queue | Villager (Male) |
| 23:14 | Queue | Archer |
Match timeline
| 4:35 | Hannibal · wall_segment Palisade Wall x1 |
| 4:45 | Hannibal · first_building Barracks |
| 5:40 | Hannibal · wall_segment Palisade Wall x1 |
| 5:41 | Hannibal · wall_segment Palisade Wall x1 |
| 7:04 | danger_noodle42 · wall_segment Palisade Wall x4 |
| 7:20 | danger_noodle42 · wall_segment Palisade Wall x2 |
| 7:29 | danger_noodle42 · wall_segment Palisade Wall x1 |
| 7:29 | danger_noodle42 · wall_segment Palisade Wall x1 |
| 7:55 | danger_noodle42 · first_building Barracks |
| 7:58 | danger_noodle42 · wall_segment Palisade Wall x4 |
| 8:08 | danger_noodle42 · wall_segment Palisade Wall x1 |
| 8:21 | danger_noodle42 · wall_segment Palisade Wall x1 |
| 8:29 | danger_noodle42 · wall_segment Palisade Wall x1 |
| 8:36 | Hannibal · wall_segment Palisade Wall x7 |
| 8:37 | danger_noodle42 · wall_segment Palisade Wall x4 |
| 8:44 | danger_noodle42 · wall_segment Palisade Wall x1 |
| 8:48 | danger_noodle42 · wall_segment Palisade Wall x1 |
| 8:50 | danger_noodle42 · wall_segment Palisade Wall x1 |
| 8:50 | danger_noodle42 · wall_segment Palisade Wall x1 |
| 8:54 | danger_noodle42 · wall_segment Palisade Wall x1 |
| 9:16 | danger_noodle42 · age_up feudal |
| 9:50 | Hannibal · wall_segment Palisade Wall x12 |
| 10:51 | Hannibal · wall_segment Palisade Wall x1 |
| 10:55 | Hannibal · age_up feudal |
| 11:05 | danger_noodle42 · first_building Archery Range |
| 11:06 | Hannibal · wall_segment Palisade Wall x1 |
| 11:07 | Hannibal · wall_segment Palisade Wall x2 |
| 11:33 | danger_noodle42 · wall_segment Palisade Wall x1 |
| 11:44 | Hannibal · wall_segment Palisade Wall x13 |
| 11:48 | danger_noodle42 · wall_segment Palisade Wall x1 |
| 13:56 | Hannibal · wall_segment Palisade Wall x10 |
| 14:19 | danger_noodle42 · wall_segment Palisade Wall x1 |
| 14:22 | danger_noodle42 · wall_segment Palisade Wall x1 |
| 14:32 | danger_noodle42 · wall_segment Palisade Wall x1 |
| 14:49 | Hannibal · first_building Stable |
| 15:12 | Hannibal · wall_segment Palisade Wall x6 |
| 15:14 | Hannibal · wall_segment Palisade Wall x7 |
| 15:17 | Hannibal · wall_segment Palisade Wall x9 |
| 15:38 | Hannibal · wall_segment Palisade Wall x1 |
| 17:24 | danger_noodle42 · wall_segment Palisade Wall x1 |
| 18:30 | Hannibal · age_up castle |
| 18:34 | Hannibal · first_building Siege Workshop |
| 18:45 | danger_noodle42 · wall_segment Palisade Wall x1 |
| 19:26 | danger_noodle42 · age_up castle |
| 20:01 | danger_noodle42 · first_building Monastery |
| 20:29 | danger_noodle42 · first_building Siege Workshop |
| 22:39 | danger_noodle42 · first_building Stable |
| 24:30 | Hannibal · first_building Monastery |
| 27:19 | danger_noodle42 · first_market_buy 100 stone |
| 28:22 | Hannibal · first_building Archery Range |
| 34:46 | danger_noodle42 · first_building Castle |
| 37:20 | danger_noodle42 · age_up imperial |
| 37:35 | Hannibal · resign |
[ AI ANALYSIS · 1 CREDIT ]
What really happened in this match?
Wolo.gg analyzes every decision: build order, eco, micro, common mistakes by bracket. Personalized analysis on WhatsApp or Discord in 30 seconds.
Civ guide
Chinese
Perfil
Hannibal